 Dungeon Crawl Stone Soup version 0.25-a0-547-g27a0b5d (webtiles) character file.

Game seed: 7903147699129393528, levelgen mode: deterministic

4 wolfsongas the Magician (level 1, 0/13 HPs)
             Began as a Gnoll Wanderer on Feb 22, 2020.
             Slain by a kobold
             ... wielding a +0 short sword
              (2 damage)
             ... on level 1 of the Dungeon.
             The game lasted 00:01:18 (302 turns).

wolfsongas the Magician (Gnoll Wanderer)             Turns: 302, Time: 00:01:18

Health: 0/13       AC:  2    Str: 14    XL:     1   Next: 60%
Magic:  8/8        EV:  8    Int: 17    God:
Gold:   0          SH:  8    Dex: 11    Spells: 13/14 levels left

rFire    . . .     SeeInvis .   a - +0 club
rCold    . . .     Gourm    .   d - +0 kite shield
rNeg     . . .     Faith    .   c - +0 robe
rPois    .         Spirit   .   (no helmet)
rElec    .         Reflect  .   (no cloak)
rCorr    .         Harm     .   (no gloves)
MR       .....                  (no boots)
Stlth    +.........             (no amulet)
HPRegen  0.04/turn              (no ring)
MPRegen  0.11/turn              (no ring)

@: no status effects
A: distributed training, fangs 1, strong nose
a: no special abilities


You were on level 1 of the Dungeon.
You were not hungry.

You visited 1 branch of the dungeon, and saw 1 of its levels.

Inventory:

Hand Weapons
 a - a +0 club (weapon)
Armour
 c - a +0 robe (worn)
 d - a +0 kite shield (worn)
Comestibles
 b - a chunk of flesh
 f - a ration


   Skills:
 + Level 0.0 Fighting
 + Level 0.0 Short Blades
 + Level 0.0 Long Blades
 + Level 0.0 Axes
 + Level 0.0 Maces & Flails
 + Level 0.0 Polearms
 + Level 0.0 Staves
 + Level 0.0 Slings
 + Level 0.0 Bows
 + Level 0.0 Crossbows
 + Level 2.3 Throwing
 + Level 0.0 Armour
 + Level 0.0 Dodging
 + Level 0.0 Stealth
 + Level 2.3 Shields
 + Level 0.0 Unarmed Combat
 + Level 7.0 Spellcasting
 + Level 0.0 Conjurations
 + Level 0.0 Hexes
 + Level 1.9 Charms
 + Level 0.0 Summonings
 + Level 1.9 Necromancy
 + Level 3.6 Translocations
 + Level 0.0 Transmutations
 + Level 0.0 Fire Magic
 + Level 0.0 Ice Magic
 + Level 1.9 Air Magic
 + Level 0.0 Earth Magic
 + Level 0.0 Poison Magic
 + Level 0.1 Invocations
 + Level 0.0 Evocations


You had 13 spell levels left.
You knew the following spells:

 Your Spells              Type           Power        Failure   Level  Hunger
a - Apportation           Tloc           ###...       13%         1    None

Your spell library contained the following spells:

 Spells                   Type           Power        Failure   Level  Hunger
 Teleport Other           Tloc           ###.....     36%         3    ##.....


Dungeon Overview and Level Annotations

Branches:
Dungeon (1/15)

Altars:


Innate Abilities, Weirdness & Mutations

Your experience applies equally to all skills.
You have very sharp teeth.
Your uncanny sense of smell can sniff out nearby items.


Message History

A kobold comes into view. It is wielding a +0 short sword.
The kobold throws a stone.
The stone closely misses you.
You see here a stone.
Okay, then.
The kobold throws a stone.
The stone hits you but does no damage.
You see here a stone.
The kobold hits you with a +0 short sword.
You hit the kobold.
The kobold is moderately wounded.
You block the kobold's attack.
You hit the kobold but do no damage.
The kobold is moderately wounded.
You block the kobold's attack.
The kobold hits you with a +0 short sword.
* * * LOW HITPOINT WARNING * * *
You are too injured to fight recklessly!
You closely miss the kobold. You block the kobold's attack.
You barely miss the kobold. Your bite misses the kobold.
The kobold hits you with a +0 short sword.
You die...

.... # ...# . โˆ† โˆ†
.#... .. โˆ† #...##.
#..... #...###..
###############.K......
.......<.......@.#
.......(....)....#
#######.######(#.#
#.)...รท(.#...
########.####.# #.# #
#.# #.# #.#


You could see a kobold.

Vanquished Creatures
  A goblin (D:1)
  A kobold (D:1)
  3 rats (D:1)
5 creatures vanquished.

Notes
Turn   | Place    | Note
-------+----------+-------------------------------------------
     0 | D:1      | wolfsongas the Gnoll Wanderer began the quest for the Orb.
     0 | D:1      | wolfsongas set off with the following items: a +0 club, a
                  | +0 robe, a +0 kite shield, a ration; and the following
                  | spell memorised: Apportation; and the following spells
                  | available to memorise: Teleport Other
     0 | D:1      | Reached XP level 1. HP: 13/13 MP: 8/8
   302 | D:1      | Slain by a kobold

Levels and vault maps discovered:
D:1:      erik_arrival_orb_chamber, layout_loops_ring

Action                   || total
-------------------------++-------
Melee: Club              ||    21
       Bite              ||     4
Armor: Robe              ||     1
Dodge: Dodged            ||     4
Block: Kite shield       ||    11

Table legend:
 A = Non-vault XP
 B = Vault XP
 C = Vault XP percentage of total XP
 D = Non-vault monster count
 E = Vault monster count
 F = Vault count percentage of total count
                 A         B        C        D         E       F
            +---------+---------+-------+---------+---------+-------
      Total |       4 |       2 |  33.3 |       3 |       2 |  40.0
            +---------+---------+-------+---------+---------+-------
        D:1 |       4 |       2 |  33.3 |       3 |       2 |  40.0
            +---------+---------+-------+---------+---------+-------
